 Dungeon Crawl Stone Soup version 0.24.0-13-gcf9b3192b9 (webtiles) character file.

Game seed: 1113770859989601324, levelgen mode: deterministic

2294 night the Grappler (level 9, 0/68 (71) HPs)
             Began as a Ghoul Fighter on Nov 9, 2019.
             Was a Priest of Hepliaklqana.
             Slain by a hippogriff (3 damage)
             ... on level 7 of the Dungeon.
             The game lasted 00:15:46 (6240 turns).

night the Grappler (Ghoul Fighter)                  Turns: 6240, Time: 00:15:46

HP:   0/68 (71)     AC:  9    Str: 22    XL:     9   Next: 40%
MP:   8/8           EV: 11    Int:  4    God:    Hepliaklqana [***...]
Gold: 265           SH: 10    Dex:  8    Spells: 8/8 levels left

rFire    . . .     SeeInvis .     - Unarmed
rCold    + . .     Gourm    .   b - +0 shield
rNeg     + + +     Faith    .   a - +0 scale mail
rPois    ∞         Spirit   .   t - +2 helmet
rElec    .         Reflect  .   (no cloak)
rCorr    .         Harm     .   (no gloves)
MR       .....                  (no boots)
Stlth    ..........             (no amulet)
HPRegen  0.00/turn              g - +3 ring of evasion
MPRegen  0.11/turn              A - +3 ring of slaying

@: rotting
A: rotting body, reduced essence, claws 1, carnivore, cold resistance 1,
negative energy resistance 3, inhibited regeneration, torment resistance,
unbreathing
a: Recall Ancestor, Ancestor Identity, Transference, Renounce Religion


You were on level 7 of the Dungeon.
You worshipped Hepliaklqana.
Hepliaklqana was most pleased with you.
You were not hungry.

You visited 1 branch of the dungeon, and saw 7 of its levels.

You collected 265 gold pieces.

Inventory:

Missiles
 e - 142 stones (quivered)
Armour
 a - a +0 scale mail (worn)
 b - a +0 shield (worn)
 t - a +2 helmet (worn)
Magical Staves
 D - an uncursed staff of earth
Jewellery
 g - a +3 ring of evasion (left claw)
 A - a +3 ring of slaying (right claw)
 E - a cursed amulet of inaccuracy {unknown}
Wands
 u - a wand of polymorph (5)
 z - a wand of paralysis (9)
 B - a wand of clouds (6)
 I - a wand of disintegration (26)
Scrolls
 f - 2 scrolls of fear {unknown}
 i - 4 scrolls of identify {unknown}
 k - a scroll of teleportation {unknown}
 m - 3 scrolls of remove curse {unknown}
 n - 2 scrolls of immolation {unknown}
 p - a scroll of enchant armour {unknown}
 q - 3 scrolls of enchant weapon {unknown}
 r - 2 scrolls of magic mapping {unknown}
 s - 2 scrolls of fog {unknown}
 y - a scroll of noise {unknown}
 C - a scroll of amnesia {unknown}
Potions
 c - a potion of might
 h - 2 potions of mutation {unknown}
 j - 2 potions of brilliance {unknown}
 l - 3 potions of heal wounds {unknown}
 o - 3 potions of curing {unknown}
 v - a potion of experience {unknown}
 w - a potion of berserk rage {unknown}
 x - a potion of resistance {unknown}
 F - a potion of lignification {unknown}
 G - 2 potions of agility {unknown}
 H - a potion of flight {unknown}
 J - a potion of haste {unknown}
Comestibles
 d - 15 rations


   Skills:
 + Level 7.5 Fighting
 - Level 2.6 Armour
 + Level 6.2 Shields
 * Level 9.7 Unarmed Combat


You had 8 spell levels left.
You didn't know any spells.
Your spell library contained the following spells:

 Spells                   Type           Power        Failure   Level  Hunger
 Animate Skeleton         Necr           N/A          99%         1    ##.....
 Apportation              Tloc           #.....       99%         1    ##.....
 Confusing Touch          Hex            #.....       99%         1    ##.....
 Summon Small Mammal      Summ           #...         99%         1    ##.....
 Sticks to Snakes         Tmut           #.......     100%        2    ###....
 Beastly Appendage        Tmut           Unusable     N/A         1    N/A
 Spider Form              Tmut/Pois      Unusable     N/A         3    N/A
 Ice Form                 Ice/Tmut       Unusable     N/A         4    N/A
 Blade Hands              Tmut           Unusable     N/A         5    N/A

Dungeon Overview and Level Annotations

Branches:
Dungeon (7/15)
 Temple: D:4-7

Altars:
Fedhas
Hepliaklqana
Okawaru
Qazlal
Trog
Yredelemnul

Annotations:
D:7 Harold


Innate Abilities, Weirdness & Mutations

Your body is rotting away.
You thrive on raw meat.
You are immune to poison.
You have sharp fingernails.
You are carnivorous and can eat meat at any time.
Your flesh is cold resistant. (rC+)
You are immune to negative energy. (rN+++)
You do not regenerate when monsters are visible.
You are immune to unholy pain and torment.
You can survive without breathing.
Your life essence is reduced to manifest your ancestor. (-10% HP)


Message History

You block the iguana's attack.
Quiver which item? (- for none, * to show all) (? for menu, Esc to quit)
Okay, then.
Evoke which item? (* to show all) (? for menu, Esc to quit)
Aiming: Paralyse
Press: ? - help, Shift-Dir - straight line, f - iguana, p - Harold
Aim: an iguana (chance to defeat MR: 54%)
The iguana resists with significant effort.
Harold pauses a moment, imagining something with a smile on his face.
Harold hits you with a +4 dire flail of crushing.
The iguana barely misses you.
Evoke which item? (* to show all) (? for menu, Esc to quit)
Aiming: Paralyse
Press: ? - help, Shift-Dir - straight line, f/p - iguana
Aim: an iguana (chance to defeat MR: 54%)
The iguana suddenly stops moving!
Harold hits you with a +4 dire flail of crushing!!
* * * LOW HITPOINT WARNING * * *
x2 The hippogriff bites you.
You die...

..#...#.. .. #.......
... #...... ##..#.....#
. #...#....: ..
##.......###... #
#.....l@H#?.... #.
#....@.....>.
...###.....#.....#
%........(........
.........(........
..................
....[...................
........................
......###...............
...##. #....##..........


You could see Harold, a hippogriff and an iguana (paralysed).

Vanquished Creatures
  Prince Ribbit (D:6)
  Edmund (D:6)
  An ice beast (D:4)
  A sky beast (D:5)
  4 necrophages (D:6)
  2 centaurs
  2 bullfrogs
  A scorpion (D:7)
  A wyvern skeleton (D:6)
  4 wights (D:6)
  3 crimson imps
  2 bullfrog zombies
  A jelly (D:5)
  A centaur skeleton (D:6)
  An orc priest (D:3)
  A hound (D:6)
  A worker ant (D:6)
  An orc wizard (D:3)
  A worker ant zombie (D:6)
  4 gnolls (D:7)
  5 adders
  A shadow imp (D:7)
  An ooze (D:1)
  An adder zombie (D:5)
  An adder skeleton (D:6)
  3 worms
  3 dart slugs
  3 leopard geckos
  11 orcs
  5 giant cockroaches
  5 goblins
  13 hobgoblins
  2 quokkas
  6 bats
  6 frilled lizards
  4 kobolds
  A leopard gecko zombie (D:6)
  3 rats (D:2)
  A bush (D:6)
109 creatures vanquished.

Vanquished Creatures (collateral kills)
  Sigmund (D:6)
  An ogre (D:6)
  A scorpion (D:6)
  A bullfrog skeleton (D:6)
  An orc wizard (D:6)
  2 adders
  An adder zombie (D:6)
  2 worms
  6 orcs
  A goblin (D:2)
  2 kobolds (D:2)
  A bat (D:3)
20 creatures vanquished.

Vanquished Creatures (others)
  3 hexers
  2 plants (D:6)
5 creatures vanquished.

Grand Total: 134 creatures vanquished

Notes
Turn   | Place    | Note
-------+----------+-------------------------------------------
     0 | D:1      | night the Ghoul Fighter began the quest for the Orb.
     0 | D:1      | Reached XP level 1. HP: 19/19 MP: 0/0
   135 | D:1      | Reached XP level 2. HP: 26/26 MP: 1/1
   383 | D:1      | Reached skill level 3 in Unarmed Combat
   598 | D:1      | Reached XP level 3. HP: 31/31 MP: 2/2
   760 | D:2      | Found a stormy altar of Qazlal.
   763 | D:2      | Found an iron altar of Okawaru.
   766 | D:2      | Found a hazy altar of Hepliaklqana.
   788 | D:2      | Found a bloodstained altar of Trog.
   798 | D:2      | Became a worshipper of Hepliaklqana the Forgotten
  1038 | D:2      | Reached XP level 4. HP: 34/36 MP: 3/3
  1822 | D:2      | Reached skill level 4 in Unarmed Combat
  1897 | D:3      | Reached XP level 5. HP: 41/41 MP: 4/4
  2250 | D:3      | Reached * piety under Hepliaklqana
  2729 | D:4      | Reached XP level 6. HP: 47/47 MP: 5/5
  2852 | D:4      | Noticed an ice beast
  2861 | D:4      | Killed an ice beast
  2861 | D:4      | Reached skill level 5 in Unarmed Combat
  2982 | D:4      | Reached ** piety under Hepliaklqana
  2983 | D:4      | Remembered your ancestor Ron as a hexer
  3557 | D:5      | Entered Level 5 of the Dungeon
  3624 | D:5      | Found a basalt altar of Yredelemnul.
  3857 | D:5      | Noticed a sky beast
  3867 | D:5      | Killed a sky beast
  3867 | D:5      | Reached skill level 5 in Fighting
  3867 | D:5      | Reached XP level 7. HP: 45/52 MP: 6/6
  3942 | D:5      | Reached skill level 6 in Unarmed Combat
  4483 | D:6      | Noticed Edmund
  4483 | D:6      | Noticed Sigmund
  4498 | D:6      | Killed Edmund
  4498 | D:6      | Reached skill level 7 in Unarmed Combat
  4500 | D:6      | Killed Sigmund
  4500 | D:6      | Reached XP level 8. HP: 30/63 MP: 7/7
  4731 | D:6      | Reached skill level 5 in Shields
  4833 | D:6      | Reached *** piety under Hepliaklqana
  4940 | D:6      | Noticed Prince Ribbit
  4940 | D:6      | Reached skill level 8 in Unarmed Combat
  4953 | D:6      | Killed Prince Ribbit
  5306 | D:6      | Found a blossoming altar of Fedhas.
  5353 | D:6      | Reached skill level 9 in Unarmed Combat
  5353 | D:6      | Reached XP level 9. HP: 71/71 MP: 8/8
  6224 | D:7      | Noticed Harold
  6240 | D:7      | HP: 3/68 [Harold/+4 dire flail of crushing (5)]
  6240 | D:7      | Slain by a hippogriff

Levels and vault maps discovered:
D:1:      dpeg_arrival_lava_temple_mockup, layout_loops_ring, chequers_garden,
          minmay_misc_feat_plants
D:2:      layout_basic, grunt_temple_overflow_cloverleaf, first_ration,
          serial_curves, eino_curves_04, eino_curves_02
D:3:      layout_basic, serial_park_tiny_1
D:4:      layout_layer_cave
D:5:      layout_loops_corners, basic_altar
D:6:      layout_basic, nicolae_wand_duel, fedhas_altar_decomposition,
          uniq_edmund, uniq_prince_ribbit1, uniq_sigmund
D:7:      layout_cave_pools, minmay_temple_entry_large_hall, uniq_harold

Skill      XL: |  1  2  3  4  5  6  7  8  9 |
---------------+----------------------------+-----
Unarmed Combat | 3 4 5 7 9 |  9.7
Shields        | 3 4 5 6 |  6.2
Fighting       | 4 5 6 7 |  7.5
Armour         | |  2.6

Action                   |  1- 3 |  4- 6 |  7- 9 || total
-------------------------+-------+-------+-------++-------
Melee: Unarmed           |   102 |   143 |   173 ||   418
Invok: Ancestor Identity |     1 |       |       ||     1
       Ancestor Life: He |       |     1 |       ||     1
Evoke: Wand              |       |       |     2 ||     2
 Stab: Distracted        |       |       |     2 ||     2
       Confused          |       |       |     1 ||     1
  Eat: Chunk             |     3 |     6 |    14 ||    23
Armor: Scale mail        |    27 |    48 |    43 ||   118
Dodge: Dodged            |    23 |    34 |    49 ||   106
Block: Shield            |    49 |    55 |    69 ||   173
